AoeStats
← Malik Bhai

Arabia

508780099Analyzed
1v1 RM · 8d ago on Sep 24, 2026· 37m 51s· 2 players
Game mode
Random Map
Map size
Tiny (2 player)
Population
200
Speed
Normal
Resources
Standard
Victory
Conquest
Starting age
Dark Age
Ending age
Imperial Age
RankedLock teamsTeams togetherTeam positionsShared explorationLock speedFull tech treeHidden civsTurbo modeCheats
Victory
Defeat
🇵🇰 Maya · Pakistan
1651
+17
🇧🇷 Magyars · Brazil
1675
-17
Malik Bhai
0:26 Loom
9:22 Feudal Age
10:32 Double-Bit Axe
10:27 Horse Collar
19:53 Castle Age
18:40 Gold Mining
18:43 Fletching
19:16 Padded Archer Armor
20:38 Bodkin Arrow
20:44 Crossbowman
21:44 Clinker Construction
22:04 Ballistics
22:54 Leather Archer Armor
34:45 Imperial Age
34:37 Bow Saw
34:28 Heavy Plow
36:50 Chemistry
37:34 Bracer
VkA | LimaoNub
5:49 Loom
8:50 Feudal Age
9:36 Double-Bit Axe
20:29 Castle Age
18:48 Fletching
18:57 Horse Collar
20:12 Padded Archer Armor
20:33 Elite Skirmisher
21:09 Bodkin Arrow
21:44 Bow Saw
22:49 Leather Archer Armor
27:08 Ballistics
32:31 Scale Barding Armor
32:51 Husbandry
34:05 Wheelbarrow
35:44 Chain Barding Armor
Connection lost

Rejoining the realm…

Still unreachable

The connection could not be restored.

Session expired

The server has moved on; the page needs a fresh start.